Map: Catallena LE (Void)

Players

SamuraiFunn - Winner!

  • Race: Protoss Protoss
  • Spawn Location: 12:00

A.I. 1 (Harder)

  • Race: Zerg Zerg
  • Spawn Location: 5:00

VOD

Have the link to the VOD?

Description

Time

  • Played on: Oct. 28, 2017, 1:25 p.m.
  • Length: 14:39
Show
View Real Time Build Order
Export as new Build Order

SamuraiFunn Protoss - Winner!

Build Orders:  

Get SALT Encoding   

  12  0:02  Probe (Chrono Boost)  
  13  0:13  Probe (Chrono Boost)  
  14  0:19  Pylon  
  14  0:24  Probe (Chrono Boost)  
  15  0:37  Probe (Chrono Boost)  
  16  0:43  Gateway  
  16  0:48  Probe (Chrono Boost)  
  17  0:54  Assimilator  
  17  0:58  Probe (Chrono Boost)  
  18  1:10  Probe (Chrono Boost), Gateway  
  19  1:20  Probe (Chrono Boost)  
  19  1:23  Assimilator  
  20  1:39  Pylon  
  20  1:40  Zealot  
  22  1:51  Probe (Chrono Boost)  
  23  2:01  Probe (Chrono Boost), Pylon  
  23  2:02  Zealot  
  26  2:10  Gateway  
  26  2:12  Probe (Chrono Boost)  
  28  2:23  Probe (Chrono Boost), Zealot  
  30  2:37  Zealot  
  32  2:38  Pylon  
  32  2:44  Forge  
  32  2:58  Cybernetics Core  
  32  3:01  Zealot  
  34  3:11  Zealot  
  36  3:13  Zealot  
  38  3:30  Zealot  
  40  3:48  Nexus  
  40  3:53  Zealot  
  42  4:24  Pylon  
  44  4:31  Adept  
  44  4:36  Adept  
  46  4:42  Protoss Ground Weapons Level 1, Adept  
  48  4:59  Photon Cannon  
  48  5:03  Probe (Chrono Boost)  
  48  5:06  Probe (Chrono Boost)  
  50  5:13  Probe (Chrono Boost)  
  51  5:16  Probe (Chrono Boost)  
  40  5:43  Adept x3  
  44  6:10  Adept  
  46  6:15  Gateway  
  46  6:27  Probe (Chrono Boost)  
  47  6:36  Protoss Ground Armor Level 1  
  47  6:38  Probe (Chrono Boost)  
  48  6:48  Probe (Chrono Boost)  
  48  6:59  Probe (Chrono Boost), Adept x3  
  55  7:09  Probe (Chrono Boost)  
  44  7:30  Adept x3  
  44  7:34  Adept  
  52  7:56  Robotics Facility  
  52  7:58  Robotics Facility  
  52  8:00  Robotics Facility  
  52  8:01  Robotics Facility  
  52  8:06  Adept x3  
  52  8:07  Adept  
  60  8:22  Twilight Council  
  60  8:30  Protoss Shields Level 1  
  60  8:38  Pylon  
  60  8:46  Pylon  
  60  8:49  Nexus  
  60  8:50  Adept x4  
  68  8:56  Immortal x2  
  72  9:20  Observer  
  72  9:23  Immortal  
  77  9:38  Pylon  
  77  9:39  Pylon  
  77  9:56  Stalker  
  77  9:57  Observer  
  77  9:58  Immortal  
  88  10:00  Stalker x3  
  94  10:09  Probe (Chrono Boost)  
  95  10:17  Probe (Chrono Boost)  
  95  10:18  Immortal  
  95  10:20  Probe (Chrono Boost)  
  97  10:26  Stalker  
  97  10:28  Probe (Chrono Boost)  
  100  10:30  Probe (Chrono Boost)  
  100  10:35  Photon Cannon  
  101  10:36  Photon Cannon  
  101  10:38  Probe (Chrono Boost)  
  101  10:41  Probe (Chrono Boost)  
  103  10:49  Probe (Chrono Boost)  
  104  10:57  Stalker x2  
  108  11:04  Pylon  
  108  11:06  Pylon  
  108  11:10  Pylon  
  108  11:16  Photon Cannon  
  108  11:22  Stalker x2  
  112  11:47  Nexus  
  112  11:50  Pylon  
  112  11:53  Pylon  
  112  11:54  Immortal x3  
  111  12:42  Immortal x4  
  111  12:43  Stalker  
  127  12:59  Probe (Chrono Boost)  
  128  13:07  Stalker x3  
  128  13:10  Probe (Chrono Boost)  
  135  13:20  Probe (Chrono Boost)  
  135  13:21  Immortal x2  
  139  13:28  Observer x2  
  139  13:31  Probe (Chrono Boost)  
  142  13:41  Probe (Chrono Boost)  
Show
View Real Time Build Order
Export as new Build Order

A.I. 1 (Harder) Zerg 

Build Orders: Pool First 

Get SALT Encoding   

  12  0:00  Drone  
  13  0:12  Overlord  
  13  0:17  Drone  
  14  0:31  Drone x2  
  16  0:43  Spawning Pool  
  16  0:44  Drone  
  16  0:48  Drone  
  17  0:51  Extractor  
  17  0:56  Drone  
  17  1:06  Overlord  
  17  1:30  Queen  
  17  1:31  Zergling x2  
  20  1:36  Zergling x2, Roach Warren  
  20  1:38  Drone  
  21  1:42  Extractor  
  20  1:49  Drone  
  21  2:00  Drone  
  22  2:10  Overlord  
  22  2:21  Drone  
  23  2:32  Roach  
  25  2:37  Drone, Roach  
  25  2:42  Roach  
  25  2:43  Overlord  
  30  2:55  Roach  
  34  3:05  Roach  
  34  3:09  Overlord  
  34  3:10  Roach  
  36  3:15  Roach  
  38  3:20  Roach  
  40  3:28  Roach  
  40  3:34  Baneling Nest  
  41  3:38  Drone  
  41  3:40  Evolution Chamber  
  41  3:41  Roach  
  43  3:42  Drone  
  43  3:45  Drone  
  45  3:50  Drone  
  46  4:01  Drone  
  47  4:12  Drone  
  47  4:13  Drone, Overlord  
  47  4:14  Drone  
  50  4:55  Lair  
  50  5:00  Zerg Melee Weapons Level 1  
  50  5:21  Hatchery  
  49  5:30  Drone  
  38  5:44  Zergling x2  
  33  5:52  Roach  
  33  5:53  Burrow  
  33  5:56  Hydralisk Den  
  33  5:57  Drone  
  31  5:59  Roach  
  33  6:06  Roach  
  35  6:13  Roach  
  37  6:24  Hydralisk, Lurker Den  
  39  6:31  Hydralisk  
  41  6:34  Drone x3  
  41  6:35  Drone  
  41  6:39  Hydralisk  
  47  6:40  Drone  
  47  6:43  Extractor  
  47  6:45  Drone  
  47  6:46  Hydralisk  
  50  6:47  Drone  
  50  6:52  Drone x2  
  50  6:53  Hydralisk  
  55  6:55  Drone, Zerg Ground Armor Level 1  
  55  6:59  Drone  
  57  7:05  Drone, Roach  
  58  7:10  Drone  
  58  7:12  Overseer  
  58  7:16  Drone  
  58  7:17  Overseer  
  58  7:20  Overlord  
  59  7:23  Zergling x2, Drone  
  59  7:25  Drone, Spore Crawler  
  59  7:27  Drone  
  62  7:32  Drone  
  62  7:33  Spore Crawler  
  62  7:37  Drone  
  62  7:38  Spore Crawler  
  62  7:43  Drone, Spore Crawler  
  62  7:48  Drone  
  64  7:51  Lurker  
  64  7:52  Lurker  
  64  7:54  Drone  
  64  7:56  Hydralisk Den, Drone  
  66  7:59  Overlord  
  66  8:01  Hydralisk, Drone  
  69  8:06  Drone  
  69  8:09  Hydralisk  
  69  8:12  Spine Crawler  
  71  8:16  Spine Crawler  
  71  8:17  Drone  
  71  8:21  Drone, Spine Crawler  
  71  8:27  Drone, Spine Crawler  
  71  8:32  Queen  
  73  8:37  Evolution Chamber  
  73  8:39  Pneumatized Carapace  
  72  8:49  Zerg Missile Weapons Level 1  
  72  8:50  Hatchery  
  71  8:57  Roach  
  71  8:59  Roach x2  
  71  9:01  Roach  
  75  9:03  Overlord  
  75  9:07  Zergling x2  
  75  9:11  Hydralisk, Overseer  
  75  9:15  Roach  
  75  9:18  Hydralisk  
  75  9:22  Roach  
  73  9:26  Roach  
  73  9:29  Hydralisk  
  77  9:32  Hydralisk  
  77  9:33  Overlord  
  77  9:37  Roach, Ravager x2  
  83  9:40  Roach  
  83  9:43  Hydralisk  
  87  9:48  Ravager  
  87  9:50  Infestation Pit  
  87  9:53  Overlord  
  87  10:00  Roach  
  87  10:02  Drone x3  
  87  10:04  Drone  
  87  10:06  Drone  
  94  10:08  Drone  
  94  10:10  Drone  
  94  10:13  Drone  
  97  10:15  Drone  
  97  10:18  Drone  
  99  10:21  Overlord  
  99  10:23  Drone  
  99  10:25  Drone  
  99  10:26  Drone  
  99  10:28  Drone, Infestor  
  103  10:30  Drone  
  103  10:31  Drone  
  103  10:33  Drone  
  103  10:34  Drone  
  109  10:36  Drone  
  109  10:39  Zerg Melee Weapons Level 2  
  109  10:42  Overlord  
  110  10:48  Zerg Ground Armor Level 2  
  110  10:57  Drone, Extractor  
  110  10:58  Extractor  
  110  11:00  Drone  
  110  11:06  Extractor  
  110  11:07  Drone  
  110  11:14  Spore Crawler  
  110  11:17  Queen, Spore Crawler  
  110  11:18  Drone  
  111  11:20  Drone  
  111  11:24  Queen  
  111  11:25  Pathogen Glands  
  114  11:32  Glial Reconstitution  
  114  11:40  Spire  
  114  11:41  Drone  
  114  11:42  Spine Crawler  
  114  11:43  Drone  
  114  11:45  Spine Crawler  
  113  12:04  Overlord  
  113  12:05  Hive  
  111  12:11  Zergling x2, Hatchery  
  67  12:29  Hydralisk, Zergling x6  
  73  12:30  Zergling x4  
  73  12:32  Hydralisk x2  
  73  12:33  Hydralisk, Roach  
  73  12:34  Roach  
  73  12:35  Hydralisk  
  82  12:39  Hydralisk  
  82  12:41  Roach  
  83  12:44  Roach  
  83  12:45  Roach  
  83  12:47  Roach  
  82  12:54  Roach  
  82  12:58  Hydralisk  
  74  12:59  Hydralisk  
  74  13:04  Roach  
  69  13:23  Zergling x2, Ultralisk Cavern  
  48  13:27  Drone  
  48  13:29  Drone  
  48  13:30  Drone x2  
  48  13:31  Overseer, Drone  
  48  13:32  Drone x3  
  42  13:34  Drone  
  42  13:36  Extractor  
  42  13:37  Zergling x2  
  42  13:40  Zergling x2  
  39  13:42  Zergling x2, Roach  
  39  13:46  Drone x2  
  30  13:51  Drone  
  30  13:52  Drone  
  30  13:54  Drone  
  8  14:17  Hatchery  
  8  14:21  Drone  
Tags
 
Add a new tag
Caveats
  • Supply blocks, unpowered buildings, or Contaminate may cause inaccurate times.
  • Supply counts are checked every 10 seconds.